 Dungeon Crawl Stone Soup version 0.28.0 (webtiles) character file.

Game seed: 1231573475256108452

6932 browni3141 the Cleaver (level 10, -4/90 (94) HPs)
             Began as a Minotaur Berserker on Feb 17, 2022.
             Was an Elder of Trog.
             Slain by a 12-headed hydra (10 damage)
             ... on level 9 of the Dungeon.
             The game lasted 00:05:10 (9724 turns).

browni3141 the Cleaver (Minotaur Berserker)         Turns: 9724, Time: 00:05:11

HP:   -4/90 (94)    AC: 19    Str: 35    XL:     10   Next: 80%
MP:   9/9           EV:  9    Int:  4    God:    Trog [****..]
Gold: 505           SH:  0    Dex: 10    Spells: 9/9 levels left

rFire   . . .      SeeInvis .   O - +4 battleaxe
rCold   . . .      Faith    .   (shield currently unavailable)
rNeg    . . .      Spirit   .   p - +0 plate armour
rPois   .          Reflect  .   (helmet restricted)
rElec   .          Harm     .   (no cloak)
rCorr   .          Rampage  .   w - +2 pair of gloves
Will    +....                   o - +0 pair of boots
Stlth   ..........              (no amulet)
HPRegen 0.25/turn               S - +6 ring of strength
MPRegen 0.11/turn               E - ring of Deuciekk {Will+ Str+3}

@: lightly drained
A: horns 2, retaliatory headbutt
a: Renounce Religion, Berserk, Trog's Hand, Brothers in Arms


You were on level 9 of the Dungeon.
You worshipped Trog.
Trog was greatly pleased with you.
You visited 1 branch of the dungeon, and saw 9 of its levels.
You also visited: Ossuary.

You collected 505 gold pieces.


Innate Abilities, Weirdness & Mutations

You have a pair of horns on your head.
You reflexively headbutt those who attack you in melee.


   Skills:
 + Level 10.4 Fighting
 * Level 13.9 Axes
 + Level 10.0 Armour
 - Level 2.1 Dodging
 + Level 3.2 Evocations


You had 9 spell levels left.
You didn't know any spells.
Your spell library was empty.

Inventory:

Hand Weapons
 a - a +0 hand axe
 r - a +0 vorpal hand axe
 O - a +4 battleaxe (weapon)
Armour
 b - a +0 animal skin
 o - a +0 pair of boots (worn)
 p - a +0 plate armour (worn)
 w - a +2 pair of gloves (worn)
 y - a +0 pair of gloves
Jewellery
 f - a ring of protection from fire
 E - the ring of Deuciekk (right hand) {Will+ Str+3}
   (You found it on level 6 of the Dungeon)

   [ring of willpower]

   Str:       It affects your strength (+3).
   Will:      It increases your willpower.
 F - a ring of fire
 S - a +6 ring of strength (left hand)
Wands
 x - a wand of digging (6)
 D - a wand of paralysis (7)
 K - a wand of polymorph (8)
 L - a wand of flame (18)
 P - a wand of mindburst (2)
 Q - a wand of iceblast (10)
Scrolls
 e - 2 scrolls of summoning {unknown}
 h - 9 scrolls of identify {unknown}
 j - a scroll of silence {unknown}
 n - 2 scrolls of fog {unknown}
 q - a scroll of magic mapping {unknown}
 u - 4 scrolls of noise {unknown}
 v - a scroll of enchant armour {unknown}
 z - 2 scrolls of teleportation {unknown}
 B - 2 scrolls of immolation {unknown}
 C - a scroll of blinking {unknown}
 H - 2 scrolls of vulnerability {unknown}
 M - a scroll of fear {unknown}
Potions
 c - a potion of resistance {unknown}
 d - 2 potions of cancellation {unknown}
 g - 3 potions of heal wounds {unknown}
 i - 4 potions of might
 k - a potion of lignification {unknown}
 l - 2 potions of magic {unknown}
 m - 2 potions of berserk rage {unknown}
 s - 2 potions of haste {unknown}
 t - 6 potions of curing {unknown}
 A - 3 potions of mutation {unknown}
 G - a potion of attraction {unknown}
 I - 2 potions of degeneration {unknown}
 N - a potion of invisibility {unknown}
Miscellaneous
 J - a condenser vane
 R - a box of beasts

Dungeon Overview and Level Annotations

Branches:
Dungeon (9/15)             Temple (0/1) D:4            Lair (0/6) D:9
Ossuary (visited)
    Orc: D:9-12

Altars:
Makhleb

Annotations:
D:7 1 runed translucent door

#### .... ....
..###############
. #
....KKD@........#
##
#.##K#######.##.#
#.##.#
#.##.######## ###
#.##.##...... ..#
#.##.##.##### #.#
#.......# ..#
####.#### <.#
#.########


You could see a 12-headed hydra and 3 kobolds.


Message History

* * * LOW HITPOINT WARNING * * *
The 11-headed hydra bites you.
* * * LOW HITPOINT WARNING * * *
The 11-headed hydra barely misses you.
The 11-headed hydra bites you but does no damage.
The 11-headed hydra bites you!
* * * LOW HITPOINT WARNING * * *
The 11-headed hydra bites you.
* * * LOW HITPOINT WARNING * * *
The 11-headed hydra bites you but does no damage.
The 11-headed hydra bites you!
* * * LOW HITPOINT WARNING * * *
The 11-headed hydra barely misses you. The 11-headed hydra closely misses you.
You are too injured to fight recklessly!
You chop one of the 11-headed hydra's heads off!
The ten-headed hydra grows two more!
You open the 12-headed hydra like a pillowcase!!!
You headbutt the 12-headed hydra.
The 12-headed hydra is almost dead.
The 12-headed hydra bites you.
* * * LOW HITPOINT WARNING * * *
The 12-headed hydra bites you but does no damage. x2
The 12-headed hydra barely misses you.
The 12-headed hydra bites you but does no damage. x2
The 12-headed hydra closely misses you. x2
The 12-headed hydra bites you but does no damage.
The 12-headed hydra bites you!
* * * LOW HITPOINT WARNING * * *
The 12-headed hydra barely misses you. The 12-headed hydra bites you!
You die...

Skill      XL: |  1  2  3  4  5  6  7  8  9 10 |
---------------+-------------------------------+-----
Axes           | 4 5 6 7 8 10 12 13 | 13.9
Fighting       | 4 5 6 7 9 10 | 10.4
Armour         | 3 4 6 7 8 10 | 10.0
Evocations     | 3 |  3.2
Dodging        | |  2.1

Action                   |  1- 3 |  4- 6 |  7- 9 | 10-12 || total
-------------------------+-------+-------+-------+-------++-------
Melee: Hand axe          |    62 |   117 |   349 |       ||   528
       Headbutt          |     4 |    16 |    68 |    13 ||   101
       Punch             |     1 |       |     6 |       ||     7
       Battleaxe         |       |       |       |    86 ||    86
Invok: Berserk           |     1 |     3 |     9 |     1 ||    14
Evoke: Wand              |       |       |     2 |       ||     2
 Stab: Sleeping          |     1 |       |       |       ||     1
       Paralysed         |       |       |     3 |       ||     3
Armor: Animal skin       |     4 |     9 |       |       ||    13
       Plate armour      |       |    20 |   199 |    55 ||   274
Dodge: Dodged            |    51 |    58 |   103 |    59 ||   271

Levels and vault maps discovered:
D:1:      evilmike_arrival_hilbert_curve, layout_basic,
          hellmonk_ecumenical_altar_lost_god
D:2:      layout_basic, uniq_jessica, uniq_terence
D:3:      layout_basic, gammafunk_ghost_icy,
          wander_ebering_terrifying_dragon_lair
D:4:      layout_loops_corners, minmay_temple_entry_mist, enter_ossuary_3,
          minmay_small_thing
D:5:      layout_cave_pools, uniq_edmund, uniq_ijyb
D:6:      layout_loops_corners
D:7:      lemuel_insect_pit, layout_basic, worms_lemuel
D:8:      layout_gridville, lemuel_crystal_altar
D:9:      kennysheep_big_flooded_room, layout_loops_ring,
          minmay_lair_entry_grove, uniq_maggie

Notes
Turn   | Place    | Note
-------+----------+-------------------------------------------
     0 | D:1      | browni3141 the Minotaur Berserker began the quest for the
                  | Orb.
     0 | D:1      | Reached XP level 1. HP: 19/19 MP: 0/0
    72 | D:1      | Reached skill level 4 in Axes
    72 | D:1      | Reached XP level 2. HP: 14/27 MP: 1/1
   517 | D:1      | Found a faded altar of an unknown god.
   529 | D:1      | Reached skill level 4 in Fighting
   725 | D:1      | Reached skill level 3 in Armour
   725 | D:1      | Reached XP level 3. HP: 29/33 MP: 2/2
  1395 | D:2      | Noticed Terence
  1403 | D:2      | Killed Terence
  1615 | D:2      | Reached XP level 4. HP: 41/41 MP: 3/3
  1679 | D:2      | Reached skill level 5 in Axes
  1890 | D:2      | Noticed Jessica
  1899 | D:2      | Killed Jessica
  2055 | D:2      | Reached ** piety under Trog
  2329 | D:3      | Found a runed translucent gate.
  2329 | D:3      | Found a runed translucent gate.
  2330 | D:3      | Found a runed translucent gate.
  2385 | D:3      | Noticed fiver49's ghost (amateur FoAE)
  2747 | D:3      | Reached XP level 5. HP: 45/47 MP: 4/4
  3252 | D:3      | Killed fiver49's ghost
  3253 | D:3      | Reached skill level 5 in Fighting
  3253 | D:3      | Reached skill level 6 in Axes
  3253 | D:3      | Reached skill level 4 in Armour
  3253 | D:3      | Reached XP level 6. HP: 13/56 MP: 5/5
  4054 | D:4      | Reached skill level 7 in Axes
  4239 | D:4      | Found a sand-covered staircase.
  4251 | Ossuary  | Entered an ossuary
  4272 | Ossuary  | Reached XP level 7. HP: 62/62 MP: 6/6
  4289 | Ossuary  | Reached skill level 5 in Armour
  4306 | Ossuary  | Reached skill level 6 in Fighting
  4521 | Ossuary  | Reached skill level 8 in Axes
  4611 | Ossuary  | Reached *** piety under Trog
  4884 | D:4      | Found a staircase to the Ecumenical Temple.
  5143 | D:4      | Reached skill level 6 in Armour
  5143 | D:4      | Reached XP level 8. HP: 71/71 MP: 7/7
  5307 | D:5      | Entered Level 5 of the Dungeon
  5338 | D:5      | Reached skill level 9 in Axes
  5359 | D:5      | Noticed Ijyb
  5371 | D:5      | Killed Ijyb
  5579 | D:5      | Reached skill level 7 in Fighting
  5745 | D:5      | Noticed Edmund
  5753 | D:5      | Killed Edmund
  5950 | D:5      | Reached skill level 10 in Axes
  6108 | D:5      | Reached skill level 7 in Armour
  6582 | D:6      | Reached XP level 9. HP: 79/80 MP: 8/8
  6657 | D:6      | Reached skill level 8 in Fighting
  6837 | D:6      | Identified the ring of Deuciekk {Will+ Str+3}
  7102 | D:7      | Reached skill level 11 in Axes
  7133 | D:7      | Reached skill level 8 in Armour
  7396 | D:7      | Found a runed translucent door.
  7406 | D:7      | Found a runed translucent door.
  7859 | D:7      | Reached skill level 9 in Fighting
  7859 | D:7      | Reached skill level 12 in Axes
  8019 | D:8      | Found a burning altar of Makhleb.
  8341 | D:8      | Reached XP level 10. HP: 91/91 MP: 9/9
  8375 | D:8      | Reached skill level 9 in Armour
  8551 | D:8      | Reached skill level 1 in Evocations
  8553 | D:8      | Reached **** piety under Trog
  8869 | D:9      | Reached skill level 13 in Axes
  9080 | D:9      | Reached skill level 2 in Evocations
  9081 | D:9      | Found a staircase to the Lair.
  9090 | D:9      | Reached skill level 10 in Fighting
  9097 | D:9      | Reached skill level 3 in Evocations
  9652 | D:9      | Reached skill level 10 in Armour
  9717 | D:9      | Noticed an eight-headed hydra
  9724 | D:9      | HP: 6/90 [12-headed hydra (8)]
  9724 | D:9      | Slain by a 12-headed hydra

Vanquished Creatures
  A hornet (D:8)
  4 wyverns (D:9)
  9 yaks (D:9)
  A steam dragon (D:6)
  The ghost of fiver49 the Magician, an amateur FoAE of Dithmenos (D:3)
  Edmund (D:5)
  A swamp worm (D:7)
  3 water moccasins (D:9)
  2 ice beasts
  A hornet zombie (D:8)
  2 orc warriors
  A black bear (D:4)
  2 necrophages
  2 centaurs
  3 phantoms
  A kobold brigand (D:9)
  10 scorpions
  A wyvern zombie (D:9)
  2 gnoll sergeants
  5 water moccasin zombies (Ossuary)
  11 killer bees
  7 wights
  2 howler monkeys (D:9)
  2 centaur zombies
  A jelly (D:5)
  2 hounds
  A gnoll shaman (D:5)
  2 centaur skeletons
  An orc priest (D:8)
  Jessica (D:2)
  Ijyb (D:5)
  Terence (D:2)
  4 iguanas
  2 orc wizards
  A killer bee zombie (D:9)
  2 hound skeletons
  A scorpion simulacrum (D:3)
  2 mummies (Ossuary)
  A howler monkey zombie (D:5)
  A howler monkey skeleton (D:7)
  15 gnolls
  8 adders
  A hound simulacrum (D:3)
  2 white imps
  8 adder zombies (Ossuary)
  A worm (D:5)
  4 dart slugs
  An adder simulacrum (D:3)
  21 orcs
  3 ball pythons
  7 endoplasms
  11 giant cockroaches
  7 goblins
  A hobgoblin (D:1)
  3 jackals (D:1)
  6 quokkas
  A ball python simulacrum (D:3)
  3 bats (D:1)
  10 frilled lizards
  2 gnoll zombies (Ossuary)
  6 hobgoblin zombies (Ossuary)
  A jackal simulacrum (D:3)
  6 kobolds
  4 kobold zombies
  4 orc zombies (Ossuary)
  4 rats
  3 butterflies (D:7)
242 creatures vanquished.

Vanquished Creatures (others)
  A fungus (D:9)
  9 plants
10 creatures vanquished.

Grand Total: 252 creatures vanquished

Table legend: (Time is in decaauts)
 A = Elapsed time spent in this place.
 B = Non-inter-level travel time spent in this place.
 C = Inter-level travel time spent in this place.
 D = Time resting spent in this place.
 E = Time spent auto-exploring this place.
 F = Levels seen in this place.
 G = Mean time per level.
                   A        B        C        D        E       F      G
               +--------+--------+--------+--------+--------+-----+--------+
         Total |   9817 |   9652 |    165 |    856 |   7340 |  10 |  981.7 |
       Dungeon |   9342 |   9177 |    165 |    856 |   6979 |   9 | 1038.0 |
       Ossuary |    475 |    475 |      0 |      0 |    361 |   1 |  475.0 |
               +--------+--------+--------+--------+--------+-----+--------+

Top non-repeatable levels by time:
     D:3: 1481 daAuts
     D:4: 1244 daAuts
     D:2: 1107 daAuts
     D:1: 1042 daAuts
     D:9: 938 daAuts
     D:8: 891 daAuts
     D:7: 883 daAuts
     D:5: 881 daAuts
     D:6: 871 daAuts
 Ossuary: 475 daAuts

Table legend:
 A = Non-vault XP
 B = Vault XP
 C = Vault XP percentage of total XP
 D = Non-vault monster count
 E = Vault monster count
 F = Vault count percentage of total count
                 A         B        C        D         E       F
            +---------+---------+-------+---------+---------+-------
      Total |    5903 |    4001 |  40.4 |     170 |      69 |  28.9
            +---------+---------+-------+---------+---------+-------
        D:1 |      44 |       0 |   0.0 |      27 |       0 |   0.0
        D:2 |      42 |      73 |  63.5 |      10 |       2 |  16.7
        D:3 |      50 |     213 |  81.0 |      19 |       7 |  26.9
        D:4 |     495 |     193 |  28.1 |      20 |       4 |  16.7
        D:5 |     620 |     200 |  24.4 |      23 |       2 |   8.0
        D:6 |     768 |       0 |   0.0 |       9 |       0 |   0.0
        D:7 |    1027 |     636 |  38.2 |      23 |      12 |  34.3
        D:8 |    1089 |       0 |   0.0 |      19 |       0 |   0.0
        D:9 |    1768 |    2202 |  55.5 |      20 |      13 |  39.4
    Ossuary |       0 |     484 | 100.0 |       0 |      29 | 100.0
            +---------+---------+-------+---------+---------+-------
